 Dungeon Crawl Stone Soup version 0.32-a0-893-gf85d74f360 (webtiles) character file.

Game seed: 3610909474771256149

3423 pokedragonboy the Placeless Armataur (level 9, 0/74 HPs)
             Began as an Armataur Warper on Apr 3, 2024.
             Was a Follower of Cheibriados.
             Slain by Amaemon
             ... wielding a -1 demon whip of venom
              (2 damage)
             ... on level 8 of the Dungeon.
             The game lasted 00:25:36 (4903 turns).

pokedragonboy the Placeless Armataur (AtWr)         Turns: 4903, Time: 00:25:37

Health: 0/74       AC: 12    Str: 23    XL:     9   Next: 76%
Magic:  12/12      EV:  6    Int: 15    God:    Cheibriados [*.....]
Gold:   469        SH:  0    Dex: 12    Spells: 4/12 levels left

rFire   + . .        a - +0 hand axe (freeze)
rCold   . . .        (no shield)
rNeg    + . .        i - +1 leather armour of Purpose {rN+ Stlth+}
rPois   .            t - +0 helmet
rElec   .            (no cloak)
rCorr   .            (no gloves)
SInv    .            n - +0 barding
Will    .....        o - amulet of regeneration
Stlth   ++           h - +4 ring of slaying
HPRegen 2.42/turn    l - ring of protection from fire
MPRegen 0.79/turn

%: roll
@: mighty, lethally poisoned (0 -> -54), weakened, slowed, very slow
A: large, deformed body, tough skin 3, armoured tail, rollpage 2
a: Renounce Religion, Bend Time


You were on level 8 of the Dungeon.
You worshipped Cheibriados.
Cheibriados was aware of your devotion.
You visited 2 branches of the dungeon, and saw 9 of its levels.

You collected 469 gold pieces.

Inventory:

Hand Weapons
 a - a +0 hand axe of freezing (weapon)
 b - a +0 flail
 c - the +10 falchion "Wucemeh" {protect, Will+ SInv}
   (You found it on level 7 of the Dungeon)

   Will+:     It increases your willpower.
   SInv:      It lets you see invisible.
 G - a +1 scimitar of flaming
Missiles
 d - 4 darts of dispersal (quivered)
 e - 6 curare-tipped darts
 r - 9 poisoned darts
 E - 2 atropa-tipped darts
Armour
 i - the +1 leather armour of Purpose (worn) {rN+ Stlth+}
   (You found it on level 4 of the Dungeon)

   rN+:       It protects you from negative energy.
   Stlth+:    It makes you more stealthy.
 n - a +0 barding (worn)
 t - a +0 helmet (worn)
 w - a +0 kite shield
Jewellery
 h - a +4 ring of slaying (left hand)
 k - a ring of flight
 l - a ring of protection from fire (right hand)
 o - an amulet of regeneration (around neck)
 s - a ring of fire
 F - a ring of wizardry
Wands
 y - a wand of charming (7)
Scrolls
 f - 3 scrolls of fear
 g - a scroll of noise {unknown}
 j - a scroll of enchant armour
 p - 3 scrolls of vulnerability
 q - a scroll of poison
 B - a scroll of amnesia
 C - 5 scrolls of blinking
 D - a scroll of fog {unknown}
Potions
 u - 3 potions of lignification
 v - a potion of enlightenment {unknown}
 x - 2 potions of attraction
 z - a potion of resistance
 A - a potion of curing {unknown}
 I - a potion of cancellation {unknown}


   Skills:
 + Level 5.3 Fighting
 * Level 7.0 Axes
 - Level 0.8 Throwing
 + Level 6.6 Armour
 - Level 1.3 Dodging
 - Level 2.0 Spellcasting
 * Level 8.7 Translocations


You had 4 spell levels left.
You knew the following spells:

 Your Spells              Type           Power      Damage    Failure   Level
d - Maxwell's Portable P  Tloc           27%        2d(7-21)  1%          3
k - Teleport Other        Tloc           27%        N/A       1%          3
n - Blink                 Tloc           54%        N/A       1%          2

Your spell library contained the following spells:

 Spells                   Type           Power      Damage    Failure   Level
 Lesser Beckoning         Tloc           54%        N/A       1%          2
 Freeze                   Ice            4%         1d3       24%         1
 Necrotise                Necr           4%         1d4       24%         1
 Shock                    Conj/Air       4%         1d3       24%         1
 Sublimation of Blood     Necr           1%         N/A       36%         2
 Vhi's Electric Charge    Tloc/Air       28%        N/A       38%         4
 Frozen Ramparts          Ice            2%         1d1       58%         3
 Hailstorm                Conj/Ice       1%         3d5       58%         3
 Swiftness                Air            1%         N/A       58%         3
 Vampiric Draining        Necr           1%         2d6       58%         3
 Airstrike                Air            0%         2d(1-17)  94%         4
 Martyr's Knell           Necr/Summ      1%         N/A       94%         4
 Petrify                  Alch/Erth      1%         N/A       94%         4
 Curse of Agony           Necr           1%         N/A       100%        5
 Irradiate                Conj/Alch      0%         3d11      100%        5


Dungeon Overview and Level Annotations

Branches:
Dungeon (8/15)             Temple (1/1) D:4
   Lair: D:8-11

Altars:
Ashenzari
Cheibriados
Dithmenos
Elyvilon
Fedhas
Gozag
Hepliaklqana
Kikubaaqudgha
Makhleb
Nemelex Xobeh
Okawaru
Qazlal
Ru
Sif Muna
Trog
Uskayaw
Vehumet
Wu Jian
Xom
Yredelemnul
Zin
The Shining One

Annotations:
D:7 2 transporters, Jeremiah; snydleywhiplash's ghost, novice MiFi
D:8 Amaemon


Innate Abilities, Weirdness & Mutations

Armour fits poorly on your strangely shaped body.
You have extremely tough skin. (AC +3)
You have a long armoured tail.
You regenerate magic and health when rolling toward enemies. (Rampage Regen)


Message History

The scorpion stings you. x2
* * * LOW HITPOINT WARNING * * *
Unknown command.
Okay, then.
Okay, then.
You feel very mighty all of a sudden.
You feel extremely sick. The scorpion stings you.
* * * LOW HITPOINT WARNING * * *
The scorpion stings you but does no damage.
Amaemon hits you with a -1 demon whip of venom.
* * * LOW HITPOINT WARNING * * *
You are lethally poisoned!
Amaemon claws you.
* * * LOW HITPOINT WARNING * * *
Amaemon tail-slaps you but does no damage.
The scorpion splashes around in the water.
The scorpion stings you but does no damage. x2
Amaemon closely misses you. Amaemon completely misses you.
Amaemon closely misses you.
You feel much better.
You feel extremely sick.
The scorpion splashes around in the water.
The scorpion stings you.
* * * LOW HITPOINT WARNING * * *
You are lethally poisoned!
You have difficulty breathing.
* * * LOW HITPOINT WARNING * * *
You feel as though you will be slow longer.
The scorpion stings you.
* * * LOW HITPOINT WARNING * * *
You are more poisoned.
You have difficulty breathing.
* * * LOW HITPOINT WARNING * * *
You feel as though you will be slow longer.
Amaemon hits you with a -1 demon whip of venom!
* * * LOW HITPOINT WARNING * * *
Amaemon claws you but does no damage. Amaemon tail-slaps you.
You die...
Cheibriados appreciates the motionlessness of death.

... ..####### .........
....... .....
####''#### ##~~~..~~~##
##~~.))$..~~##
#######~~..)))..@s~##
....##~~...))..s6s~~#
...##~~......).....~~#
...#~~....~~~~~~....~~#
...#~....~⌠####⌠~....~#
...#~....~## ##~....~#
...'.....~# #~.....'.
##.'.....~# #~)....'.
#.#~....~# ....


You could see Amaemon and 3 scorpions.

Vanquished Creatures
  Erica (D:8)
  Pikel (D:4)
  Joseph (D:8)
  An orange demon (D:8)
  A water moccasin (D:8)
  2 ice beasts
  A sky beast (D:6)
  3 ogres
  2 centaurs
  A lemure (D:4)
  A phantom (D:5)
  A kobold brigand (D:8)
  2 bullfrogs
  3 scorpions
  2 bombardier beetles
  2 hounds
  3 orc priests
  A sleepcap (D:6)
  3 iguanas
  2 orc wizards (D:8)
  A gnoll (D:2)
  5 adders
  4 shadow imps
  3 white imps
  3 dart slugs
  A ribbon worm (D:2)
  7 orcs
  2 bats (D:1)
  6 endoplasms
  3 giant cockroaches
  7 goblins
  14 hobgoblins
  10 kobolds
  7 ball pythons
  3 frilled lizards
  7 rats
  3 butterflies (D:1)
120 creatures vanquished.

Notes
Turn   | Place    | Note
-------+----------+-------------------------------------------
     0 | D:1      | pokedragonboy the Armataur Warper began the quest for the
                  | Orb.
     0 | D:1      | Reached XP level 1. HP: 17/17 MP: 3/3
    52 | D:1      | Reached XP level 2. HP: 24/24 MP: 5/5
   295 | D:1      | Reached XP level 3. HP: 25/29 MP: 6/6
   795 | D:2      | Found a burning altar of Makhleb.
  1083 | D:3      | Reached XP level 4. HP: 36/36 MP: 7/7
  1599 | D:4      | Learned a level 2 spell: Blink
  1603 | D:4      | Learned a level 3 spell: Maxwell's Portable Piledriver
  1646 | D:4      | Reached skill level 4 in Translocations
  1711 | D:4      | Noticed Pikel
  1711 | D:4      | Noticed a lemure
  1711 | D:4      | Noticed a lemure
  1711 | D:4      | Noticed a lemure
  1711 | D:4      | Noticed a lemure
  1744 | D:4      | Killed a lemure
  1759 | D:4      | Killed Pikel
  1760 | D:4      | Reached skill level 5 in Translocations
  1760 | D:4      | Reached XP level 5. HP: 28/45 MP: 8/8
  1760 | D:4      | Reached XP level 6. HP: 31/51 MP: 9/9
  1760 | D:4      | Gained mutation: You regenerate magic and health when
                  | rolling toward enemies. (Rampage Regen) [Armataur growth]
  1760 | D:4      | Reached XP level 7. HP: 35/57 MP: 10/10
  1896 | D:4      | Identified the +1 leather armour of Purpose {rN+ Stlth+}
  2002 | D:4      | Learned a level 3 spell: Teleport Other
  2005 | D:4      | Learned a level 2 spell: Sublimation of Blood
  2260 | D:4      | Found a staircase to the Ecumenical Temple.
  2274 | Temple   | Entered the Ecumenical Temple
  2382 | D:5      | Entered Level 5 of the Dungeon
  2989 | D:5      | Reached skill level 6 in Translocations
  3015 | D:6      | Reached XP level 8. HP: 59/66 MP: 11/11
  3097 | D:6      | Reached skill level 5 in Axes
  3206 | D:6      | Reached skill level 5 in Armour
  3468 | D:6      | Found a snail-covered altar of Cheibriados.
  3472 | D:6      | Became a worshipper of Cheibriados the Contemplative
  3537 | D:6      | Reached skill level 7 in Translocations
  3570 | D:6      | Found a bloodstained altar of Trog.
  3874 | D:7      | Identified the +10 falchion "Wucemeh" {protect, Will+ SInv}
  3955 | D:7      | Noticed Jeremiah
  3981 | D:7      | Noticed a moth of wrath
  3983 | D:7      | Found a bloodstained altar of Trog.
  3983 | D:7      | Noticed snydleywhiplash's ghost (novice MiFi)
  4011 | D:7      | Found a transporter.
  4015 | D:7      | Found a transporter.
  4626 | D:8      | Found a basalt altar of Yredelemnul.
  4634 | D:8      | Found a shimmering altar of Xom.
  4634 | D:8      | Found a sparkling altar of Nemelex Xobeh.
  4636 | D:8      | Found an opulent altar of Gozag.
  4637 | D:8      | Found a shimmering blue altar of Sif Muna.
  4641 | D:8      | Reached XP level 9. HP: 72/72 MP: 12/12
  4751 | D:8      | Noticed Erica
  4759 | D:8      | Killed Erica
  4760 | D:8      | Reached skill level 8 in Translocations
  4850 | D:8      | Noticed Joseph
  4855 | D:8      | Noticed an orange demon
  4864 | D:8      | Reached skill level 5 in Fighting
  4864 | D:8      | Reached * piety under Cheibriados
  4865 | D:8      | Killed Joseph
  4882 | D:8      | Killed an orange demon
  4887 | D:8      | Noticed Amaemon
  4903 | D:8      | HP: 2/74 [Amaemon/-1 demon whip of venom (7)]
  4903 | D:8      | Slain by Amaemon

Illustrated notes

Levels and vault maps discovered:
D:1:      spicycebolla_arrival_clurvy, layout_rooms
D:2:      layout_rooms, basic_altar
D:3:      layout_loops_ring, minmay_checkerbox
D:4:      layout_basic, temple_green, chequers_serial_rivers_small_a,
          kennysheep_cross_bottleneck, uniq_pikel
D:5:      layout_cave_pods
D:6:      layout_basic, lightli_temple_of_fire,
          mainiacjoe_overflow_six_doors_small
D:7:      layout_loops_corners, gammafunk_ghost_wrathful_warriors, uniq_jeremiah
D:8:      hangedman_cross_veins, layout_basic, minitemple, nrook_uturn,
          kennysheep_big_empty_room, uniq_erica, uniq_amaemon, uniq_psyche,
          uniq_joseph, uniq_grum, uniq_maggie
Temple:   regret_index_temple_waves

Skill      XL: |  1  2  3  4  5  6  7  8  9 |
---------------+----------------------------+-----
Spellcasting   | 2 |  2.0
Axes           | 2 3 4 5 7 |  7.0
Fighting       | 2 3 4 5 |  5.3
Armour         | 2 3 4 5 6 |  6.6
Translocations | 5 6 7 8 |  8.7
Throwing       | |  0.8
Dodging        | |  1.3

Action                     |  1- 3 |  4- 6 |  7- 9 || total
---------------------------+-------+-------+-------++-------
  Melee: Hand axe          |    88 |    56 |   225 ||   369
         Tailslap          |    13 |     6 |    41 ||    60
  Throw: Dart              |       |     3 |       ||     3
   Cast: Teleport Other    |       |       |     1 ||     1
         Blink             |       |       |     1 ||     1
    Use: Scroll            |     3 |     4 |     7 ||    14
         Potion            |       |     2 |     3 ||     5
   Stab: Invisible         |       |     4 |       ||     4
         Sleeping          |       |       |     5 ||     5
 Armour: Leather armour    |    48 |    43 |   260 ||   351
  Dodge: Dodged            |    22 |    16 |    97 ||   135

Table legend: (Time is in decaauts)
 A = Elapsed time spent in this place.
 B = Non-inter-level travel time spent in this place.
 C = Inter-level travel time spent in this place.
 D = Time resting spent in this place.
 E = Time spent auto-exploring this place.
 F = Levels seen in this place.
 G = Mean time per level.
                   A        B        C        D        E       F      G
               +--------+--------+--------+--------+--------+-----+--------+
         Total |   5317 |   5179 |    138 |    127 |   3962 |   9 |  590.8 |
       Dungeon |   5315 |   5177 |    138 |    127 |   3962 |   8 |  664.4 |
        Temple |      1 |      1 |      0 |      0 |      0 |   1 |    1.0 |
               +--------+--------+--------+--------+--------+-----+--------+

Top non-repeatable levels by time:
     D:7: 1239 daAuts
     D:4: 794 daAuts
     D:5: 621 daAuts
     D:6: 614 daAuts
     D:3: 573 daAuts
     D:1: 522 daAuts
     D:2: 519 daAuts
     D:8: 430 daAuts
  Temple: 1 daAuts
